 Dungeon Crawl Stone Soup version 0.29.1-12-g30fa7ad0bf (webtiles) character file.

Game seed: 12316866338705320668

14117 112233 the Nimble (level 11, -3/54 HPs)
             Began as a Felid Air Elementalist on Dec 18, 2022.
             Was an Initiate of Gozag.
             Slain by an ogre
             ... wielding a +0 giant club
             ... led by Lodul
              (28 damage)
             ... while paralysed by a hornet
             ... on level 10 of the Dungeon.
             The game lasted 00:24:33 (27506 turns).

112233 the Nimble (Felid Air Elementalist)         Turns: 27506, Time: 00:24:33

Health: -3/54      AC:  2    Str:  4    XL:     11   Next: 84%
Magic:  35/35      EV:  4    Int: 20    God:    Gozag
Gold:   2262       SH:  0    Dex: 18    Spells: 6/30 levels left
                                        Lives:  0   Deaths: 2

rFire   . . .      SeeInvis +   (weapon unavailable)
rCold   . . .      Faith    .   (shield unavailable)
rNeg    . . .      Spirit   .   (body armour unavailable)
rPois   .          Reflect  .   (helmet unavailable)
rElec   .          Harm     .   (cloak unavailable)
rCorr   .          Rampage  .   (gloves unavailable)
Will    +....                   (boots unavailable)
Stlth   +++.......              (no amulet)
HPRegen 0.18/turn               b - ring of magical power
MPRegen 0.24/turn               z - ring of wizardry

@: paralysed, slowed, quick
A: very small, claws 1, fangs 3, see invisible, speed 1, shaggy fur 2, stealthy
paws, no weapons or thrown items, no armour, multi-lived
a: Renounce Religion, Potion Petition, Call Merchant, Bribe Branch


You were on level 10 of the Dungeon.
You worshipped Gozag.
Gozag was most pleased with you.
You visited 3 branches of the dungeon, and saw 17 of its levels.

You collected 3958 gold pieces.
You spent 904 gold pieces at shops.
You paid 792 gold pieces to Gozag.

Inventory:

Jewellery
 a - a +4 ring of slaying
 b - a ring of magical power (left paw)
 p - a ring of resist corrosion
 u - a ring of willpower
 z - a ring of wizardry (right paw)
 A - a ring of protection from cold
 F - the ring of Kowuane {rF+ Dex+6}
   (You found it on level 9 of the Dungeon)

   [ring of protection from fire]

   Dex:       It affects your dexterity (+6).
   rF:        It protects you from fire.
 H - a +6 ring of dexterity
Wands
 q - a wand of polymorph (5)
 r - a wand of flame (41)
 w - a wand of roots (20)
Scrolls
 d - 3 scrolls of enchant weapon
 e - 8 scrolls of teleportation
 f - 4 scrolls of blinking
 i - 7 scrolls of vulnerability
 k - 2 scrolls of poison
 m - 2 scrolls of fog
 x - a scroll of fear {unknown}
 y - 6 scrolls of noise
 B - a scroll of amnesia
 D - 2 scrolls of summoning
 E - a scroll of magic mapping {unknown}
 G - 2 scrolls of immolation
 J - a scroll of enchant armour {unknown}
Potions
 c - 3 potions of degeneration {unknown}
 g - a potion of ambrosia {unknown}
 h - 5 potions of curing
 j - a potion of attraction {unknown}
 l - 5 potions of mutation {unknown}
 n - 2 potions of berserk rage {unknown}
 o - 3 potions of brilliance {unknown}
 s - 2 potions of haste {unknown}
 t - 4 potions of flight {unknown}
 v - 2 potions of lignification
 C - a potion of cancellation {unknown}
 I - a potion of heal wounds {unknown}


   Skills:
 + Level 9.7 Fighting
 + Level 12.9 Dodging
 + Level 5.4 Stealth
 * Level 10.3 Spellcasting
 + Level 3.1 Conjurations
 - Level 12.4 Air Magic


You had 6 spell levels left.
You knew the following spells:

 Your Spells              Type           Power      Damage    Failure   Level
a - Lightning Bolt        Conj/Air       20%        1d35      3%          5
b - Static Discharge      Conj/Air       41%        3-9/arc   1%          2
c - Airstrike             Air            28%        2d(4-20)  1%          4
d - Swiftness             Air            56%        N/A       1%          3
e - Shock                 Conj/Air       100%       1d9       1%          1
f - Conjure Ball Lightni  Conj/Air       20%        3x3d6     16%         6
g - Mephitic Cloud        Conj/Pois/Air  31%        N/A       1%          3

Your spell library contained the following spells:

 Spells                   Type           Power      Damage    Failure   Level
 Summon Small Mammal      Summ           40%        N/A       2%          1
 Dazzling Flash           Conj/Hex       32%        N/A       4%          3
 Call Canine Familiar     Summ           10%        N/A       9%          3
 Ignite Poison            Fire/Tmut/Pois 10%        N/A       9%          3
 Lesser Beckoning         Tloc           10%        N/A       9%          3
 Summon Guardian Golem    Hex/Summ       10%        N/A       9%          3
 Tukima's Dance           Hex            10%        N/A       9%          3
 Freezing Cloud           Conj/Ice/Air   15%        6-21      9%          5
 Iskenderun's Mystic Bla  Conj/Tloc      16%        2d5       14%         4
 Iskenderun's Battlesphe  Conj           22%        2d8       21%         5
 Passage of Golubria      Tloc           10%        N/A       26%         4
 Fireball                 Conj/Fire      8%         3d6       36%         5
 Irradiate                Conj/Tmut      8%         3d14      36%         5
 Blade Hands              Tmut           5%         N/A       56%         5
 Starburst                Conj/Fire      8%         6d4       89%         6
 Statue Form              Tmut/Erth      6%         N/A       98%         6
 Maxwell's Capacitive Co  Air            28%        ∞         69%         8
 Orb of Destruction       Conj           11%        9d6       99%         7
 Portal Projectile        Hex/Tloc       Unusable   N/A       N/A         3

Dungeon Overview and Level Annotations

Branches:
Dungeon (15/15)            Temple (1/1) D:4            Lair (0/5) D:8
    Orc (1/2) D:10
 Vaults: D:13-14     Depths: D:15

Altars:
Ashenzari
Cheibriados
Dithmenos
Elyvilon
Fedhas
Gozag
Hepliaklqana
Kikubaaqudgha
Makhleb
Nemelex Xobeh
Okawaru
Qazlal
Ru
Sif Muna
Trog
Uskayaw
Vehumet
Wu Jian
Xom
Yredelemnul
Zin
The Shining One

Shops:
D:11 ?   D:15 :

Annotations:
D:3 exclusion: upstairs
D:4 exclusion: downstairs
D:6 exclusion: downstairs
D:7 exclusion: downstairs
D:9 exclusion: downstairs
D:10 exclusion: downstairs
D:11 exclusion: 3 upstairs
D:13 Nessos, Urug
D:14 Jorgrun
D:15 exclusion: upstairs


Innate Abilities, Weirdness & Mutations

You have sharp claws.
You have razor-sharp teeth.
You have supernaturally acute eyesight. (SInv)
You cover ground quickly. (Speed+)
You are covered in thick fur. (AC +2)
Your paws help you pounce on unaware monsters.
You are incapable of wielding weapons or throwing items.
You cannot wear armour.
You gain extra lives every three experience levels.


Message History

You kill the ogre!
You are struck by an arc of lightning.
The ogre is struck by an arc of lightning!
You kill the ogre!
The lightning grounds out.
Unknown command.
Casting: Static Discharge (safe; 1% risk of failure)
Confirm with . or Enter, or press ? or * to list all spells.
You can't see any susceptible monsters within range! (Use Z to cast anyway.) Magic restored.
HP restored.
You now have 2225 gold pieces (gained 19).
Things that are here:
a +0 dagger; a +0 robe You now have 2244 gold pieces (gained 19).
You see here a +0 giant spiked club.
You now have 2262 gold pieces (gained 18).
You see here a +0 giant club.
Done exploring.
Done exploring.
Done exploring.
Done exploring.
Memorise Mephitic Cloud, consuming 3 spell levels and leaving 6?
You start memorising the spell.
You continue memorising. x3
You finish memorising.
Spell assigned to 'g'.
Done exploring.
Done exploring.
Done exploring.
(D) Dungeon (T) Temple (L) Lair (O) Orcish Mines
Where to? (Enter - D:10, ? - help)
There is a stone staircase leading down here.
You climb downwards.
Level annotation: exclusion: downstairs The hornet stings you.
You suddenly lose the ability to move!
The kobold hits you with a +0 club. The yak gores you! The hornet stings you.
You feel yourself slow down. The kobold barely misses you. The yak gores you!
The ogre hits you with a +0 giant club!!
Ouch! That really hurt!
You die...
Your body crumbles into a pile of gold.

.... ...#
..~~ ##
...### ..~#
#. .....##
..≈ #.
....... #.
..$..
##.#...##..
#
#..yO...?..
$
#.?@Y$Y....
#.K##[.###.
#.. #..#
#.. #..#
....... #..
... .@...#.
#.# #..
....Oo.
#.###.#
...O..#
#.....#
...O...
##.###)#
$...).#


You could see 2 yaks, a hornet, an ogre and a kobold.

Vanquished Creatures
  Erolcha (D:9)
  3 hydras
  Erica (D:10)
  Harold (D:9)
  A death knight (D:9)
  2 centaur warriors
  4 two-headed ogres
  Lodul (D:10)
  A wizard (D:15)
  Pikel (D:6)
  2 cyclopes
  An ugly thing (D:13)
  Joseph (D:7)
  4 gargoyles
  2 kobold demonologists
  2 komodo dragons
  4 trolls
  A slime creature (D:9)
  2 hornets
  A vampire (D:11)
  Sigmund (D:5)
  21 yaks
  A wyvern (D:9)
  A shadow (D:9)
  3 vampire mosquitoes (D:12)
  2 steam dragons
  Menkaure (D:7)
  A warg (D:10)
  An acid dragon (D:11)
  2 water moccasins
  A sky beast (D:6)
  2 ice beasts
  A black bear (D:4)
  12 orc warriors
  14 ogres
  A centaur (D:10)
  2 lemures (D:6)
  3 kobold brigands
  5 bullfrogs
  Blork the orc (D:6)
  2 gnoll sergeants
  A scorpion (D:7)
  A wight (D:9)
  12 killer bees
  7 howler monkeys
  A crimson imp (D:7)
  4 jellies
  12 orc priests
  3 gnoll boudas
  2 hounds
  7 iguanas
  22 orc wizards
  Natasha (thrice) (D:2)
  6 adders
  24 gnolls
  2 shadow imps
  5 white imps
  An ufetubus (D:5)
  A worm (D:5)
  4 dart slugs
  42 orcs
  5 ball pythons
  9 endoplasms
  2 giant cockroaches (D:3)
  15 goblins
  7 hobgoblins
  4 jackals (D:4)
  5 quokkas
  4 bats
  3 frilled lizards (D:1)
  19 kobolds
  4 rats
351 creatures vanquished.

Vanquished Creatures (others)
  7 fungi (D:8)
  23 plants
30 creatures vanquished.

Grand Total: 381 creatures vanquished

Notes
Turn   | Place    | Note
-------+----------+-------------------------------------------
     0 | D:1      | 112233 the Felid Air Elementalist began the quest for the
                  | Orb.
     0 | D:1      | Reached XP level 1. HP: 7/7 MP: 4/4
    66 | D:1      | Reached skill level 1 in Conjurations
   593 | D:2      | Reached XP level 2. HP: 7/11 MP: 1/6
  1552 | D:3      | Reached XP level 3. HP: 14/14 MP: 7/7
  1774 | D:3      | Found a shadowy altar of Dithmenos.
  2067 | D:3      | Learned a level 2 spell: Static Discharge
  2116 | D:3      | Found a faded altar of an unknown god.
  2845 | D:1      | Reached XP level 4. HP: 18/18 MP: 8/8
  3497 | D:2      | Noticed Natasha
  3993 | D:2      | Reached skill level 5 in Fighting
  3993 | D:2      | Reached skill level 5 in Spellcasting
  3993 | D:2      | Reached XP level 5. HP: 17/26 MP: 14/14
  3999 | D:2      | Killed Natasha
  4104 | D:2      | Noticed Natasha
  4111 | D:2      | Killed Natasha
  4211 | D:2      | Noticed Natasha
  4216 | D:2      | Killed Natasha
  4547 | D:4      | Gained mutation: You are covered in thick fur. (AC +2)
                  | [Felid growth]
  4547 | D:4      | Reached XP level 6. HP: 30/30 MP: 15/15
  4552 | D:4      | Learned a level 4 spell: Airstrike
  4556 | D:4      | Learned a level 3 spell: Swiftness
  4796 | D:4      | Found a staircase to the Ecumenical Temple.
  4841 | Temple   | Entered the Ecumenical Temple
  5026 | Temple   | Became a worshipper of Gozag Ym Sagoz the Greedy
  6448 | D:5      | Entered Level 5 of the Dungeon
  6460 | D:5      | Noticed an ice beast
  6502 | D:5      | Noticed Sigmund
  6555 | D:5      | Killed an ice beast
  6556 | D:5      | Reached XP level 7. HP: 33/33 MP: 12/16
  6741 | D:5      | Killed Sigmund
  6897 | D:5      | Found an iron altar of Okawaru.
  7589 | D:5      | Reached XP level 8. HP: 35/37 MP: 17/17
  8069 | D:6      | Noticed Pikel
  8597 | D:6      | Noticed Blork the orc
  8599 | D:6      | Killed Blork the orc
  9063 | D:6      | Killed Pikel
  9064 | D:6      | Reached skill level 10 in Air Magic
  9064 | D:6      | Reached XP level 9. HP: 40/40 MP: 18/18
 10174 | D:7      | Noticed Joseph
 10179 | D:7      | Killed Joseph
 10363 | D:7      | Noticed a two-headed ogre
 10367 | D:7      | Killed a two-headed ogre
 11311 | D:7      | Reached XP level 10. HP: 44/44 MP: 1/19
 11897 | D:7      | Noticed Menkaure
 11901 | D:7      | Killed Menkaure
 12331 | D:8      | Found a broken altar of Ashenzari.
 12718 | D:8      | Found a staircase to the Lair.
 13202 | D:8      | Found a stormy altar of Qazlal.
 14145 | D:9      | Identified the ring of Kowuane {rF+ Dex+6}
 15172 | D:9      | Noticed Erolcha
 15177 | D:9      | Killed Erolcha
 15285 | D:9      | Noticed Harold
 15291 | D:9      | Killed Harold
 15292 | D:9      | Reached XP level 11. HP: 49/49 MP: 10/22
 15427 | D:9      | Found a blossoming altar of Fedhas.
 16330 | D:10     | Entered Level 10 of the Dungeon
 16331 | D:10     | Noticed Erica
 16333 | D:10     | Noticed a death knight
 16352 | D:9      | Reached skill level 10 in Dodging
 17378 | D:10     | Noticed a boulder beetle
 17384 | D:10     | Mangled by a boulder beetle
 17385 | D:10     | Reached XP level 10. HP: -10/47 MP: 8/30
 17745 | D:11     | Learned a level 5 spell: Lightning Bolt
 18706 | D:10     | Found a staircase to the Orcish Mines.
 18912 | D:10     | Killed Erica
 19015 | D:10     | Noticed a gargoyle
 19021 | D:10     | Killed a gargoyle
 19149 | D:10     | Noticed a centaur warrior
 19169 | D:11     | Reached XP level 11. HP: 23/51 MP: 8/23
 20085 | D:10     | Noticed a tengu warrior
 20511 | D:11     | Found Surehau's Magic Scroll Emporium.
 20589 | D:11     | Bought 3 scrolls of blinking for 360 gold pieces
 20589 | D:11     | Bought a scroll of fog for 64 gold pieces
 20589 | D:11     | Bought a scroll of blinking for 120 gold pieces
 20589 | D:11     | Bought a scroll of summoning for 152 gold pieces
 20589 | D:11     | Bought a scroll of immolation for 64 gold pieces
 20589 | D:11     | Bought a scroll of fog for 64 gold pieces
 20589 | D:11     | Bought a scroll of noise for 16 gold pieces
 20589 | D:11     | Bought a scroll of identify for 32 gold pieces
 20589 | D:11     | Bought a scroll of identify for 32 gold pieces
 20590 | D:11     | Identified a scroll of acquirement
 20947 | D:12     | Got Naxuf's Verses on the Wayfarer and Transformation
 21027 | D:12     | Noticed a two-headed ogre
 21074 | D:12     | Killed a two-headed ogre
 21161 | D:12     | Found a hazy altar of Hepliaklqana.
 21161 | D:12     | Noticed a four-headed hydra
 21433 | D:10     | Acquired 850 gold pieces
 21600 | Orc:1    | Entered Level 1 of the Orcish Mines
 21612 | Orc:1    | Noticed an orc knight
 21802 | D:10     | Noticed an ogre mage
 21907 | D:12     | Killed a four-headed hydra
 21982 | D:12     | Noticed a two-headed ogre
 21986 | D:12     | Killed a two-headed ogre
 22511 | D:12     | You fall into a shaft and drop 3 floors!
 22511 | D:15     | Entered Level 15 of the Dungeon
 22516 | D:15     | Noticed a six-headed hydra
 22522 | D:15     | Killed a six-headed hydra
 22793 | D:14     | Noticed Jorgrun
 22793 | D:14     | Noticed a deep elf pyromancer
 22793 | D:14     | Noticed a two-headed ogre
 22801 | D:15     | Noticed a purple ugly thing
 22801 | D:15     | Noticed a centaur warrior
 22872 | D:15     | Noticed a purple ugly thing
 22873 | D:15     | Shot with an arrow by a centaur warrior
 22874 | D:15     | Reached XP level 10. HP: -26/49 MP: 31/33
 22932 | D:15     | Learned a level 6 spell: Conjure Ball Lightning
 23077 | D:15     | Noticed a wizard
 23087 | D:15     | Killed a wizard
 23182 | D:13     | Noticed a centaur warrior
 23187 | D:13     | Killed a centaur warrior
 23460 | D:13     | Reached XP level 11. HP: 53/53 MP: 13/25
 23647 | D:13     | Noticed a four-headed hydra
 23651 | D:13     | Killed a four-headed hydra
 23731 | D:13     | Noticed a seven-headed hydra
 23732 | D:13     | Noticed Nessos
 23736 | D:13     | Noticed a centaur warrior
 23867 | D:13     | Noticed Urug
 23887 | D:13     | Noticed a red ugly thing
 23892 | D:13     | Killed a red ugly thing
 24466 | D:12     | Noticed a two-headed ogre
 24497 | D:12     | Killed a two-headed ogre
 25331 | D:10     | Reached skill level 10 in Spellcasting
 25333 | D:10     | Killed a centaur warrior
 25334 | D:10     | Reached skill level 5 in Stealth
 26065 | D:10     | Noticed Lodul
 26184 | D:9      | Killed a death knight
 26979 | D:10     | Killed Lodul
 27504 | D:9      | Learned a level 3 spell: Mephitic Cloud
 27506 | D:10     | Paralysed by a hornet for 2 turns
 27506 | D:10     | Slain by an ogre

Illustrated notes

Levels and vault maps discovered:
D:1:      dpeg_arrival_concentric_ovals, layout_loops_ring,
          minmay_misc_feat_plants
D:2:      layout_loops_ring, uniq_natasha
D:3:      layout_basic, nicolae_dithmenos_the_darkroom, serial_co_window_serial,
          co_window_paths_a, co_window_of_opportunity_a, co_window_paths_a,
          co_window_of_opportunity_a, co_window_paths_a, co_window_paths_b,
          co_window_paths_a, co_window_cross_1, co_window_corner_a,
          co_window_broadway_c, co_window_broadway_c, co_window_paths_c,
          co_window_cross_4, co_window_corner_b, co_window_of_opportunity_b,
          glass_columns_a, glass_columns_c, glass_columns_a, glass_columns_a,
          glass_columns_c, basic_ecumenical_altar
D:4:      layout_basic, minmay_temple_entry_arrows
D:5:      layout_loops_ring, okawaru_ov_weapons_minmay, uniq_sigmund
D:6:      layout_basic, minmay_ogre_servants, uniq_pikel, uniq_blork_the_orc
D:7:      layout_loops_ring, minmay_fire_ice_demons, uniq_menkaure, uniq_joseph
D:8:      layout_basic, nicolae_qazlal_eye_of_the_storm, general_overflow_altar,
          grunt_lair_entry_orc_guard_hut, grunt_ministairs_2
D:9:      layout_grid_maze, kennysheep_little_box, palyth_stone_intersect,
          sword_in_stone, uniq_harold, uniq_erolcha
D:10:     cheibrodos_fzero, layout_loops_ring, erik_orc_3, enter_bailey_3,
          uniq_erica, uniq_lodul
D:11:     layout_gridville, serial_shops, nicolae_shop_stone, hive_lemuel
D:12:     layout_basic, nicolae_hepliaklqana_hazy_memory
D:13:     layout_gridville, david_vaults_3, minmay_lizard_king
D:14:     layout_basic, fedhas_altar_4, kennysheep_generic_room_11, uniq_agnes,
          uniq_jorgrun, uniq_rupert
D:15:     grunt_enter_depths_snipers, layout_basic, nicolae_tso_carved_into_rock
Temple:   bh_familiar_temple
Orc:1:    layout_diamond_mine

Skill      XL: |  1  2  3  4  5  6  7  8  9 10 11 |
---------------+----------------------------------+-----
Conjurations   | 1 3 |  3.1
Air Magic      | 3 4 6 7 8 10 11 12 | 12.4
Fighting       | 5 8 9 |  9.7
Dodging        | 7 11 12 | 12.9
Spellcasting   | 5 6 10 | 10.3
Stealth        | 3 5 |  5.4

Action                   |  1- 3 |  4- 6 |  7- 9 | 10-12 || total
-------------------------+-------+-------+-------+-------++-------
Melee: Unarmed           |    11 |     3 |       |     6 ||    20
       Bite              |       |       |       |     2 ||     2
 Cast: Shock             |    78 |   125 |    23 |     9 ||   235
       Static Discharge  |     2 |    18 |    11 |    27 ||    58
       Airstrike         |       |     6 |   119 |   394 ||   519
       Lightning Bolt    |       |       |       |    32 ||    32
       Swiftness         |       |       |       |     4 ||     4
Invok: Call Merchant     |       |       |       |     1 ||     1
Evoke: Wand              |       |       |     2 |     4 ||     6
  Use: Potion            |     1 |     3 |     1 |     3 ||     8
       Scroll            |       |       |       |    14 ||    14
 Stab: Invisible         |     1 |       |       |       ||     1
Armor: Skin              |     1 |     5 |       |     7 ||    13
Dodge: Dodged            |    23 |    36 |    12 |   116 ||   187
